 Dungeon Crawl Stone Soup version 0.18.1-50-g88ac8fd (webtiles) character file.

74 lorenzova the Conjurer (level 4, -4/24 HPs)
             Began as a Deep Elf Conjurer on Oct 23, 2016.
             Slain by a phantom (5 damage)
             ... on level 3 of the Dungeon.
             The game lasted 00:04:02 (1694 turns).

lorenzova the Conjurer (Deep Elf Conjurer)          Turns: 1694, Time: 00:04:03

Health: -4/24      AC:  5    Str:  5    XL:     4   Next: 9%
Magic:  1/12       EV: 18    Int: 21    God:
Gold:   54         SH:  0    Dex: 20    Spells: 2 memorised, 7 levels left

rFire  . . .     SeeInvis .     l - -3 dagger (curse)
rCold  . . .     Gourm    .     a - +0 robe
rNeg   . . .     Faith    .     (no shield)
rPois  .         Spirit   .     o - +2 helmet
rElec  .         Dismiss  .     (no cloak)
rCorr  .         Reflect  .     (no gloves)
SustAt .         Harm     .     (no boots)
MR     .....                    (no amulet)
Stlth  +++.......               (no ring)
                                (no ring)

@: agile, not resistant to hostile enchantments, fairly stealthy
A: no striking features
a: no special abilities


You were on level 3 of the Dungeon.
You were near starving.

You visited 1 branch of the dungeon, and saw 4 of its levels.

You collected 54 gold pieces.

Inventory:

Hand Weapons
 l - a cursed -3 dagger (weapon)
Armour
 a - a +0 robe (worn)
 o - a +2 helmet (worn)
Jewellery
 d - an uncursed amulet of harm {unknown}
 i - an uncursed ring of magical power {unknown}
Wands
 r - a wand of enslavement (5/24)
Scrolls
 g - a scroll of immolation {unknown}
 k - 2 scrolls of blinking {unknown}
 p - a scroll of magic mapping {unknown}
 q - a scroll of noise {unknown}
Books
 b - a book of Conjurations

   Spells                             Type                      Level
   a - Magic Dart                     Conjuration                  1
   b - Searing Ray                    Conjuration                  2
   c - Dazzling Spray                 Conjuration/Hexes            3
   d - Fulminant Prism                Conjuration/Hexes            4
   e - Iskenderun's Mystic Blast      Conjuration                  4
   f - Iskenderun's Battlesphere      Conjuration/Charms           5
 s - a book of the Warp

   Spells                             Type                      Level
   a - Recall                         Summoning/Translocation      3
   b - Gell's Gravitas                Hexes/Translocation          3
   c - Force Lance                    Conjuration/Translocation    4
   d - Warp Weapon                    Charms/Translocation         5
   e - Summon Forest                  Summoning/Translocation      5
Comestibles
 c - 2 bread rations
 n - 4 fruits


   Skills:
 - Level 2.4 Dodging
 - Level 2.4 Stealth
 + Level 4.6 Spellcasting
 + Level 5.4 Conjurations


You had 7 spell levels left.
You knew the following spells:

 Your Spells              Type           Power        Failure   Level  Hunger
a - Magic Dart            Conj           ####         1%          1    None
b - Iskenderun's Mystic   Conj           ####....     14%         4    ####...


Dungeon Overview and Level Annotations

Branches:
Dungeon (4/15)
 Temple: D:4-7

Altars:

Annotations:
D:2 Jessica


Message History

The phantom is lightly damaged.
The phantom hits you.
* * * LOW HITPOINT WARNING * * *
You hit the phantom but do no damage.
The phantom is lightly damaged.
The phantom completely misses you.
Drink which item? (? for menu, Esc to quit)
It was a potion of cure mutation.
It has a very clean taste.
The phantom hits you.
* * * LOW HITPOINT WARNING * * *
You aren't carrying any potions.
Read which item? (? for menu, Esc to quit)
As you read the scroll labeled GELUEG FAMM, it crumbles to dust.
The dust glows faint cobalt blue!
It was a scroll of random uselessness.
The phantom completely misses you.
Read which item? (? for menu, Esc to quit)
As you read the scroll labeled WORAIGO YNIDE, it crumbles to dust.
You assume a fearsome visage.
The jackal looks frightened!
The phantom is unaffected.
It was a scroll of fear.
The phantom hits you.
You die...

.............#
.............#
.............#
.$.W.........#
.............#
..)......h..#
#..........##
##.....##W##
...#### #@.#
## ##†# #.#
#.# ... ..#
..# ....


You could see a phantom and a jackal (fleeing).

Vanquished Creatures
  An iguana (D:4)
  An adder skeleton (D:4)
  2 dart slugs (D:1)
  2 giant geckos (D:1)
  An orc (D:3)
  4 bats (D:1)
  2 giant cockroaches
  2 hobgoblins
  4 jackals
  2 kobolds (D:1)
  2 quokkas
  A ball python (D:1)
  3 giant newts
  5 goblins (D:1)
  6 rats
38 creatures vanquished.

Notes
Turn   | Place    | Note
--------------------------------------------------------------
     0 | D:1      | lorenzova the Deep Elf Conjurer began the quest for the Orb.
     0 | D:1      | Reached XP level 1. HP: 10/10 MP: 6/6
   136 | D:1      | Reached XP level 2. HP: 15/15 MP: 6/8
   672 | D:1      | Reached skill level 5 in Conjurations
   742 | D:1      | Reached XP level 3. HP: 19/19 MP: 6/10
   931 | D:1      | You fall through a shaft!
   995 | D:2      | Noticed Jessica
  1041 | D:2      | You fall through a shaft for 2 floors!
  1383 | D:3      | Noticed a phantom
  1417 | D:3      | Reached XP level 4. HP: 24/24 MP: 9/12
  1423 | D:3      | Learned a level 4 spell: Iskenderun's Mystic Blast
  1692 | D:3      | HP: 1/24 [phantom (3)]
  1694 | D:3      | Slain by a phantom

Skill      XL: |  1  2  3 |
---------------+----------+-----
Conjurations   | 5 |  5.4
Spellcasting   | 4 |  4.6
Dodging        | |  2.4
Stealth        | |  2.4

Action                   |  1- 3 |  4- 6 || total
-------------------------+-------+-------++-------
Melee: Dagger            |       |     4 ||     4
 Cast: Magic Dart        |    60 |    22 ||    82
       Iskenderun's Myst |       |     3 ||     3
  Use: Potion            |       |     3 ||     3
       Scroll            |       |     2 ||     2
  Eat: Chunk             |     1 |       ||     1
Armor: Robe              |       |     8 ||     8
Dodge: Dodged            |     6 |    25 ||    31
